 Dungeon Crawl Stone Soup version 0.30.0-29-ga12c61a403 (webtiles) character file.

Game seed: 10224973598544546050

2641 Josd the Covert (level 9, -2/63 (74) HPs)
             Began as a Gnoll Delver on June 5, 2023.
             Was a Believer of Vehumet.
             Slain by a wight
             ... wielding a +0 war axe
              (3 damage)
             ... on level 6 of the Dungeon.
             The game lasted 00:44:57 (9087 turns).

Josd the Covert (Gnoll Delver)                      Turns: 9087, Time: 00:44:59

HP:   -2/63 (74)    AC:  9    Str: 12    XL:     9   Next: 61%
MP:   15/15         EV: 14    Int: 13    God:    Vehumet [**....]
Gold: 407           SH:  5    Dex: 14    Spells: 15/17 levels left

rFire   . . .        K - +3 morningstar (freeze)
rCold   + . .        (no shield)
rNeg    . . .        y - +2 leather armour {rC+}
rPois   .            J - +0 helmet
rElec   .            H - +1 cloak {Stlth+}
rCorr   .            (no gloves)
SInv    +            (no boots)
Will    .....        x - amulet of reflection
Stlth   +++++        l - ring of see invisible
HPRegen 0.30/turn    (no ring)
MPRegen 0.14/turn

%: reflection
@: heavily drained
A: fangs 1, strong nose, distributed training
a: Renounce Religion


You were on level 6 of the Dungeon.
You worshipped Vehumet.
Vehumet was pleased with you.
You visited 1 branch of the dungeon, and saw 7 of its levels.
You also visited: Bailey.

You collected 407 gold pieces.

Inventory:

Hand Weapons
 a - a +1 falchion of holy wrath
 r - a +1 mace of protection
 G - a +3 quarterstaff of chaos
 K - a +3 morningstar of freezing (weapon)
Missiles
 I - 3 javelins (quivered)
Armour
 b - a +0 leather armour
 k - a +2 cloak
 y - a +2 leather armour of cold resistance (worn)
 H - a +1 cloak of stealth (worn)
 J - a +0 helmet (worn)
Jewellery
 l - a ring of see invisible (left hand)
 x - an amulet of reflection (around neck)
 C - the amulet "Cogrusi" {Faith *Corrode Str+3}
   (You found it on level 2 of the Dungeon)

   [amulet of faith]

   It allows you to gain divine favour quickly.
   Str:       It affects your strength (+3).
   *Corrode:  It may corrode you when you take damage.
 E - an amulet of guardian spirit
Wands
 g - a wand of digging (3)
 m - a wand of light (8)
Scrolls
 d - 2 scrolls of magic mapping
 e - a scroll of fear
 f - a scroll of amnesia {unknown}
 i - a scroll of enchant weapon
 j - a scroll of identify
 n - a scroll of poison
 t - 2 scrolls of teleportation {unknown}
 u - a scroll of vulnerability {unknown}
 z - a scroll of acquirement {unknown}
 B - 4 scrolls of silence {unknown}
 D - 2 scrolls of blinking {unknown}
 F - a scroll of noise {unknown}
Potions
 c - a potion of magic {unknown}
 h - 2 potions of degeneration
 o - 5 potions of curing
 p - 5 potions of lignification {unknown}
 s - a potion of ambrosia {unknown}
 v - a potion of attraction {unknown}
 w - a potion of flight {unknown}
 A - 2 potions of mutation {unknown}


   Skills:
 + Level 8.1 Fighting
 + Level 4.6 Short Blades
 + Level 4.6 Long Blades
 + Level 4.6 Axes
 + Level 4.6 Maces & Flails
 + Level 6.5 Polearms
 + Level 4.6 Staves
 + Level 4.6 Ranged Weapons
 + Level 4.6 Throwing
 + Level 4.6 Armour
 + Level 6.5 Dodging
 + Level 10.6 Stealth
 + Level 4.6 Shields
 + Level 4.6 Unarmed Combat
 + Level 4.6 Spellcasting
 + Level 3.8 Conjurations
 + Level 3.8 Hexes
 + Level 3.8 Summonings
 + Level 3.8 Necromancy
 + Level 3.8 Translocations
 + Level 3.8 Transmutations
 + Level 3.8 Fire Magic
 + Level 3.8 Ice Magic
 + Level 3.8 Air Magic
 + Level 3.8 Earth Magic
 + Level 3.8 Poison Magic
 + Level 5.0 Invocations
 + Level 4.6 Evocations


You had 15 spell levels left.
You knew the following spells:

 Your Spells              Type           Power      Damage    Failure   Level
a - Freeze                Ice            48%        1d6       5%          1
b - Sandblast             Erth           24%        2d8       5%          1

Your spell library contained the following spells:

 Spells                   Type           Power      Damage    Failure   Level
 Kiss of Death            Conj/Necr      48%        2d9       5%          1
 Frozen Ramparts          Ice            24%        1d4       16%         3
 Hailstorm                Conj/Ice       12%        3d5       16%         3
 Ozocubu's Armour         Ice            12%        N/A       16%         3
 Ozocubu's Refrigeration  Ice            6%         4d8       100%        7


Dungeon Overview and Level Annotations

Branches:
Dungeon (7/15)             Temple (0/1) D:6          Bailey (visited)

Altars:
Dithmenos
Hepliaklqana
Vehumet
Zin
The Shining One


Innate Abilities, Weirdness & Mutations

You have very sharp teeth.
Your uncanny sense of smell can sniff out nearby items.
Your experience applies equally to all skills.


Message History

The wight barely misses you. The wight hits you but does no damage.
You hit the wight.
The wight is moderately damaged.
The wight hits you with a +5 falchion!
You feel drained. The wight closely misses you.
You hit the wight.
The wight is heavily damaged.
The wight hits you but does no damage.
The wight hits you with a +2 long sword!
You feel drained. You block the wight's attack.
You can't go down here!
The wight hits you with a +5 falchion!
* * * LOW HITPOINT WARNING * * *
You block the wight's attack. The wight misses you.
You climb upwards.
There is a stone staircase leading down, spattered with blood here.
You feel much better. The wight hits you with a +5 falchion!
The wight closely misses you. x2
You sock the wight!
You destroy the wight!
Vehumet accepts your kill. The wight hits you with a +0 war axe!
* * * LOW HITPOINT WARNING * * *
The wight closely misses you.
You puncture the wight! You freeze the wight.
The wight is severely damaged.
The wight closely misses you. You block the wight's attack.
You closely miss the wight.
The wight is severely damaged.
The wight hits you with a +2 long sword!
* * * LOW HITPOINT WARNING * * *
You feel drained.
* * * LOW HITPOINT WARNING * * *
The wight closely misses you.
The wight hits you with a +2 long sword!
* * * LOW HITPOINT WARNING * * *
You feel drained.
* * * LOW HITPOINT WARNING * * *
The wight hits you with a +0 war axe.
You die...

.)#
#................####.......#
### #.##.#..#....._..#
#...###.# #.##.#........8..#
#....##)# #.##...#####.._..#
#).#.##.# #.####.#
#.....####.......# #......#
#..........##.#### ######[###
##...########.# #......#
#.z...# #.# #.##.#.# #@z...#
#.# #.##.#.# #)[...# ###.#
#.#.#..# #.....# #...#
#.#..#.# #.....# #.###
#.#.##.# ####### #.#
#......##### #.# ###........#
#######.# ########.#
#.......# #.# #.####..#


You could see 2 wights.

Vanquished Creatures
  Grinder (D:5)
  Edmund (D:6)
  Duvessa (D:4)
  A black bear (D:6)
  An ice beast (D:6)
  7 ogres
  An orc warrior (D:6)
  3 centaurs
  A phantom (D:5)
  Blork the orc (D:5)
  2 bullfrogs (D:6)
  A scorpion (D:6)
  3 wights (D:6)
  Dowan (D:4)
  Crazy Yiuf (D:5)
  2 hounds
  A jelly (D:6)
  5 iguanas
  2 sleepcaps
  Natasha (twice) (D:4)
  3 orc wizards
  3 gnolls (D:2)
  5 adders
  A white imp (D:7)
  An ufetubus (D:6)
  A dart slug (D:1)
  11 orcs
  10 bats
  7 endoplasms
  3 giant cockroaches
  7 hobgoblins
  7 jackals
  5 quokkas
  2 ball pythons
  2 frilled lizards
  7 goblins
  3 kobolds
  5 rats
  2 rat zombies (D:4)
123 creatures vanquished.

Notes
Turn   | Place    | Note
-------+----------+-------------------------------------------
     0 | D:5      | Reached skill level 9 in Stealth
     0 | D:5      | Josd the Gnoll Delver began the quest for the Orb.
     0 | D:5      | Reached XP level 1. HP: 23/23 MP: 1/1
     2 | D:5      | Became a worshipper of Vehumet
    66 | D:6      | Noticed an ice beast
   139 | D:5      | Noticed an iguana
   201 | D:5      | Found a runed translucent door.
   202 | D:5      | Noticed Crazy Yiuf
   248 | D:5      | Noticed Blork the orc
   475 | D:4      | Noticed an ogre
   513 | D:4      | Noticed an iguana
   560 | D:4      | Noticed an orc wizard
   662 | D:2      | Reached XP level 2. HP: 29/29 MP: 2/2
   892 | D:1      | Reached XP level 3. HP: 35/35 MP: 3/3
   934 | D:1      | Found a faded altar of an unknown god.
  1257 | D:1      | Reached skill level 1 in Invocations
  1875 | D:2      | Reached skill level 1 in Short Blades
  1875 | D:2      | Reached skill level 1 in Long Blades
  1875 | D:2      | Reached skill level 1 in Axes
  1875 | D:2      | Reached skill level 1 in Maces & Flails
  1875 | D:2      | Reached skill level 1 in Staves
  1875 | D:2      | Reached skill level 1 in Ranged Weapons
  1875 | D:2      | Reached skill level 1 in Throwing
  1875 | D:2      | Reached skill level 1 in Armour
  1875 | D:2      | Reached skill level 1 in Shields
  1875 | D:2      | Reached skill level 1 in Unarmed Combat
  1875 | D:2      | Reached skill level 1 in Spellcasting
  1875 | D:2      | Reached skill level 1 in Evocations
  1923 | D:2      | Found a glowing golden altar of the Shining One.
  1998 | D:2      | Learned a level 1 spell: Freeze
  2068 | D:2      | Reached * piety under Vehumet
  2068 | D:2      | Offered knowledge of Sandblast by Vehumet.
  2069 | D:2      | Reached XP level 4. HP: 20/41 MP: 5/5
  2250 | D:2      | Learned a level 1 spell: Sandblast
  2496 | D:2      | Reached skill level 1 in Conjurations
  2496 | D:2      | Reached skill level 1 in Hexes
  2496 | D:2      | Reached skill level 1 in Summonings
  2496 | D:2      | Reached skill level 1 in Necromancy
  2496 | D:2      | Reached skill level 1 in Translocations
  2496 | D:2      | Reached skill level 1 in Transmutations
  2496 | D:2      | Reached skill level 1 in Fire Magic
  2496 | D:2      | Reached skill level 1 in Ice Magic
  2496 | D:2      | Reached skill level 1 in Air Magic
  2496 | D:2      | Reached skill level 1 in Earth Magic
  2496 | D:2      | Reached skill level 1 in Poison Magic
  2523 | D:2      | Identified the amulet "Cogrusi" {Faith *Corrode Str+3}
  2967 | D:3      | Found a shadowy altar of Dithmenos.
  3463 | D:2      | Reached XP level 5. HP: 47/47 MP: 3/7
  4211 | D:4      | Killed an ogre
  4212 | D:4      | Reached skill level 5 in Polearms
  4212 | D:4      | Reached skill level 5 in Dodging
  4212 | D:4      | Reached XP level 6. HP: 53/53 MP: 6/8
  4246 | D:4      | Offered knowledge of Kiss of Death by Vehumet.
  4253 | D:4      | Reached ** piety under Vehumet
  4728 | D:4      | Reached XP level 7. HP: 47/60 MP: 10/10
  4850 | D:4      | Noticed Natasha
  4858 | D:4      | Killed Natasha
  5131 | D:4      | Noticed Natasha
  5140 | D:4      | Killed Natasha
  5430 | D:5      | Reached skill level 10 in Stealth
  5527 | D:5      | Noticed Grinder
  5551 | D:5      | Paralysed by Grinder for 5 turns
  5563 | D:5      | Killed Grinder
  5564 | D:5      | Reached XP level 8. HP: 60/67 MP: 4/12
  5643 | D:5      | Noticed Dowan
  5651 | D:5      | Noticed Duvessa
  5917 | D:4      | Killed Duvessa
  5944 | D:4      | Killed Dowan
  6802 | D:5      | Killed Blork the orc
  7002 | D:5      | Killed Crazy Yiuf
  7107 | D:7      | Found a flagged portal.
  7113 | Bailey   | Entered a bailey
  7132 | Bailey   | Noticed a spriggan
  7768 | D:6      | Found a hazy altar of Hepliaklqana.
  7770 | D:6      | Found a glowing silver altar of Zin.
  7951 | D:6      | Reached XP level 9. HP: 40/73 MP: 14/14
  8081 | D:6      | Found a staircase to the Ecumenical Temple.
  8306 | D:6      | Noticed Edmund
  8333 | D:6      | Killed Edmund
  8871 | D:7      | Reached skill level 5 in Invocations
  9087 | D:6      | HP: 3/65 [wight/+2 long sword (7)]
  9087 | D:6      | HP: 1/63 [wight/+2 long sword (2)]
  9087 | D:6      | Slain by a wight

Illustrated notes

Levels and vault maps discovered:
D:1:      dpeg_arrival_refuge, layout_basic, hellmonk_ecumenical_altar_lost_god
D:2:      layout_basic, basic_altar
D:3:      layout_basic, nicolae_dithmenos_shadow_blocks
D:4:      layout_gridville, enter_ossuary_4, portal_sewer_entry_f, uniq_natasha
D:5:      layout_basic, overflow_temple_1_default, uniq_duvessa,
          uniq_crazy_yiuf_cottage, uniq_grinder, uniq_blork_the_orc
D:6:      layout_loops_cross, chequers_temple_overflow_statue_of_worship,
          minmay_temple_entry_ruins, uniq_edmund
D:7:      layout_cave_pools, lemuel_coloured_pillars_altar,
          mainiacjoe_overflow_concentric_impassable, enter_bailey_2

Skill      XL: |  1  2  3  4  5  6  7  8  9 |
---------------+----------------------------+-----
Stealth        | 10 | 10.6
Invocations    | 1 2 3 4 5 |  5.0
Short Blades   | 1 2 3 4 |  4.6
Long Blades    | 1 2 3 4 |  4.6
Axes           | 1 2 3 4 |  4.6
Maces & Flails | 1 2 3 4 |  4.6
Staves         | 1 2 3 4 |  4.6
Ranged Weapons | 1 2 3 4 |  4.6
Throwing       | 1 2 3 4 |  4.6
Armour         | 1 2 3 4 |  4.6
Shields        | 1 2 3 4 |  4.6
Unarmed Combat | 1 2 3 4 |  4.6
Spellcasting   | 1 2 3 4 |  4.6
Evocations     | 1 2 3 4 |  4.6
Conjurations   | 1 2 3 |  3.8
Hexes          | 1 2 3 |  3.8
Summonings     | 1 2 3 |  3.8
Necromancy     | 1 2 3 |  3.8
Translocations | 1 2 3 |  3.8
Transmutations | 1 2 3 |  3.8
Fire Magic     | 1 2 3 |  3.8
Ice Magic      | 1 2 3 |  3.8
Air Magic      | 1 2 3 |  3.8
Earth Magic    | 1 2 3 |  3.8
Poison Magic   | 1 2 3 |  3.8
Polearms       | 5 6 |  6.5
Dodging        | 5 6 |  6.5
Fighting       | 7 8 |  8.1

Action                     |  1- 3 |  4- 6 |  7- 9 || total
---------------------------+-------+-------+-------++-------
  Melee: Spear             |    22 |       |       ||    22
         Mace              |    75 |    96 |   144 ||   315
         Bite              |     7 |    11 |    26 ||    44
         Punch             |     1 |     4 |     2 ||     7
         Quarterstaff      |       |       |    98 ||    98
         Morningstar       |       |       |     8 ||     8
  Throw: Dart              |       |     6 |     5 ||    11
   Cast: Freeze            |     1 |     2 |    15 ||    18
         Sandblast         |       |    56 |    69 ||   125
    Use: Potion            |     1 |     1 |     7 ||     9
         Scroll            |     3 |     2 |     3 ||     8
   Stab: Sleeping          |    18 |       |     4 ||    22
         Confused          |       |       |     2 ||     2
 Armour: Leather armour    |    33 |    51 |    89 ||   173
  Dodge: Dodged            |    57 |   104 |   234 ||   395
  Block: Other             |    11 |       |    32 ||    43
         Reflection        |       |       |     1 ||     1
